Map: Mech Depot LE

Players

soul - Winner!

  • Race: Terran Terran
  • Spawn Location: 7:00

Probe

  • Race: Protoss Protoss
  • Spawn Location: 1:00

Event: WCS Montreal 2017

VOD

Have the link to the VOD?

Description

Time

  • Played on: Sept. 8, 2017, 7:37 p.m.
  • Length: 15:15

All games in this series

Show
View Real Time Build Order
Export as new Build Order

soul Terran - Winner!

Build Orders: Gas First Reaper Expand, Liberator Opening, Reaper Expand, MMM Bio 

Get SALT Encoding   

  12  0:00  SCV  
  13  0:12  SCV  
  14  0:17  Supply Depot  
  14  0:24  SCV  
  15  0:30  Refinery  
  15  0:39  SCV  
  16  0:44  Barracks  
  16  0:51  SCV  
  17  1:03  SCV  
  18  1:16  SCV  
  19  1:32  Orbital Command, Reaper  
  20  1:49  Command Center  
  20  1:58  Factory  
  20  2:01  SCV  
  20  2:07  Refinery  
  21  2:10  Barracks Reactor  
  21  2:14  SCV  
  22  2:20  Supply Depot  
  22  2:26  SCV  
  23  2:41  SCV  
  23  2:44  Starport, Widow Mine  
  24  2:48  Marine x2  
  28  2:53  SCV  
  29  3:02  Orbital Command  
  29  3:05  Marine x2  
  29  3:06  SCV  
  32  3:14  Cyclone  
  35  3:21  Medivac, SCV  
  35  3:26  Marine x2  
  40  3:29  SCV  
  41  3:37  SCV  
  41  3:40  Supply Depot  
  42  3:41  SCV  
  42  3:44  Liberator  
  43  3:49  SCV  
  43  3:50  Widow Mine  
  43  3:51  Supply Depot  
  46  4:01  Marine  
  46  4:02  SCV x2  
  52  4:06  Marine  
  53  4:14  SCV x2  
  55  4:19  Marine  
  55  4:22  Bunker  
  56  4:24  Marine  
  56  4:26  SCV x2  
  54  4:36  Barracks, Widow Mine  
  54  4:38  Barracks, SCV x2  
  57  4:41  Marine  
  59  4:46  Engineering Bay  
  59  4:50  SCV  
  59  4:51  Marine, SCV  
  62  5:01  Marine  
  62  5:07  Supply Depot  
  62  5:08  Refinery x2  
  62  5:09  Supply Depot  
  62  5:11  Liberator  
  62  5:23  SCV x2  
  62  5:26  Marine  
  62  5:28  Marine  
  62  5:34  Barracks Tech Lab x2  
  62  5:35  SCV x2  
  60  5:43  Marine  
  60  5:47  Command Center, Bunker, SCV x2  
  60  5:48  Missile Turret  
  63  5:52  Combat Shields  
  63  5:53  Stimpack  
  63  5:54  Marauder  
  63  5:56  Marauder  
  64  5:58  Marine  
  64  5:59  SCV x2  
  67  6:06  Supply Depot  
  67  6:07  Supply Depot  
  67  6:09  Marine  
  68  6:11  SCV x2  
  68  6:15  Marauder, Terran Infantry Weapons Level 1  
  72  6:20  Marine  
  72  6:21  Marauder  
  72  6:23  SCV x2  
  74  6:27  Marine  
  72  6:36  SCV x2  
  72  6:37  Barracks, Marauder  
  72  6:38  Barracks, Marine  
  77  6:42  Marine  
  77  6:45  Supply Depot  
  77  6:46  Supply Depot, Missile Turret  
  78  6:47  Supply Depot  
  79  6:58  Marauder  
  79  7:00  Orbital Command, Marauder  
  84  7:06  SCV x2  
  84  7:11  Barracks Reactor  
  84  7:18  SCV  
  84  7:19  Marauder  
  84  7:22  Concussive Shells, Marauder  
  86  7:23  Supply Depot, SCV  
  86  7:24  Supply Depot  
  87  7:39  Factory Reactor, Barracks Reactor, Barracks Tech Lab  
  87  7:40  SCV x2  
  87  7:41  Marauder  
  87  7:42  Marine  
  91  7:48  Marine  
  90  7:52  SCV x2  
  90  7:53  Orbital Command, Missile Turret  
  90  7:57  Medivac  
  90  7:58  Medivac  
  96  8:01  Supply Depot, Refinery, Marauder  
  96  8:02  Marine, Refinery  
  96  8:04  SCV x2  
  101  8:08  Marine  
  101  8:09  Sensor Tower, Terran Infantry Armor Level 1, Marauder  
  101  8:10  Marine  
  105  8:16  SCV  
  105  8:19  SCV  
  107  8:20  Marauder  
  107  8:21  SCV  
  107  8:24  Widow Mine  
  107  8:25  Widow Mine  
  114  8:28  Starport, SCV  
  114  8:30  Supply Depot  
  114  8:32  Medivac  
  117  8:34  Medivac  
  117  8:39  Supply Depot  
  117  8:40  Marine, Marauder  
  122  8:45  Engineering Bay  
  122  8:47  Liberator, Marine, Armory  
  122  8:48  Marauder  
  125  8:52  Widow Mine  
  125  8:54  Marine  
  125  8:55  Marauder  
  129  8:56  Marine  
  129  8:57  Marine  
  129  9:00  Liberator  
  129  9:01  Marauder  
  133  9:05  Marine  
  133  9:09  Marine  
  141  9:13  Marine  
  141  9:16  Starport Reactor, Marauder  
  138  9:21  Supply Depot  
  138  9:23  Marine, Marauder  
  142  9:27  Command Center, Marauder  
  144  9:34  Liberator  
  144  9:37  Marine  
  145  9:38  Liberator  
  145  9:39  Barracks x2, Terran Infantry Weapons Level 2  
  145  9:40  Barracks, Liberator  
  145  9:44  Terran Ship Weapons Level 1  
  148  9:56  Liberator  
  145  10:06  Marine  
  141  10:07  Marine  
  141  10:10  Marine  
  141  10:11  Marauder  
  141  10:14  Marine  
  128  10:15  Marine  
  128  10:17  Liberator  
  128  10:18  Marine  
  120  10:21  Liberator  
  120  10:32  Terran Infantry Armor Level 2, Marauder  
  123  10:40  Medivac  
  123  10:41  Marine  
  118  10:43  Marine  
  118  10:44  Marauder  
  118  10:47  Planetary Fortress  
  118  10:48  Marine  
  113  10:51  Marauder  
  113  10:52  Barracks Tech Lab  
  113  10:55  Missile Turret, Barracks Tech Lab  
  113  10:56  Medivac  
  115  10:57  Barracks Tech Lab  
  115  10:58  Widow Mine  
  115  11:00  Widow Mine  
  115  11:01  Marine  
  120  11:10  Medivac, SCV x2  
  124  11:13  Marine, Marauder x2  
  124  11:14  Marauder  
  124  11:15  Marauder  
  124  11:17  Medivac  
  135  11:18  Marine  
  135  11:19  Marauder  
  135  11:20  Marine  
  135  11:25  Medivac  
  141  11:30  Medivac  
  141  11:32  Marine, Marauder  
  146  11:34  Marine  
  146  11:35  Marauder x2  
  146  11:37  Marine  
  146  11:38  Marauder  
  153  11:42  Marine, Terran Ship Weapons Level 2  
  153  11:43  Marauder  
  153  11:45  Marauder  
  157  11:49  Marine  
  157  11:53  Marine, Marauder  
  157  11:54  Refinery  
  161  11:56  Marine, Marauder x2  
  161  11:59  Marauder  
  161  12:01  Supply Depot  
  168  12:03  Marine  
  168  12:04  Marauder  
  171  12:08  Ghost Academy  
  171  12:11  Liberator  
  171  12:12  Liberator x2  
  171  12:15  Marine, Marauder x2  
  176  12:18  Marauder x2  
  176  12:20  Marine  
  176  12:21  Marine  
  188  12:56  Marine x2, Marauder  
  188  12:58  Marauder  
  188  13:02  Marauder  
  188  13:03  Marine  
  188  13:04  Command Center  
  188  13:09  Marine  
  188  13:10  Marauder x2  
  188  13:16  Marine  
  188  13:18  Marine x2  
  187  13:20  Marine, Marauder  
  187  13:22  Marauder  
  187  13:23  Marauder  
  186  13:27  Marine  
  186  13:31  Marine  
  188  13:37  Marine  
  188  13:38  Medivac, Marine, Marauder  
  188  13:40  Medivac, Marine, Marauder  
  186  13:42  Marauder  
  186  13:44  Marauder  
  186  13:45  Marine, Marauder  
  186  13:47  Medivac x2  
  168  13:49  Marauder  
  168  13:55  Marine  
  158  13:56  Marine  
  158  13:58  Marine  
  158  13:59  Marauder  
  158  14:00  SCV x2  
  158  14:01  Marauder  
  167  14:03  Marine, Marauder  
  167  14:05  Marauder  
  167  14:06  Marine  
  167  14:08  Medivac  
  175  14:11  Marauder  
  175  14:13  Marine  
  175  14:14  Marine  
  175  14:16  Marine  
  178  14:20  Medivac  
  178  14:21  Marine, Marauder  
  178  14:22  Medivac, Marauder  
  187  14:24  Marauder  
  187  14:33  Marine  
  187  14:36  Marine  
  187  14:37  Marine x4  
  191  14:38  Medivac  
  191  14:41  Marine  
  191  14:43  Medivac  
  196  14:51  Marine  
  196  14:52  Marauder  
  199  14:54  Marine  
Show
View Real Time Build Order
Export as new Build Order

Probe Protoss 

Build Orders: 1 Gate Expand, Blink Stalkers 

Get SALT Encoding   

  12  0:00  Probe (Chrono Boost)  
  13  0:11  Probe (Chrono Boost)  
  14  0:18  Pylon  
  14  0:22  Probe (Chrono Boost)  
  15  0:36  Probe (Chrono Boost)  
  15  0:37  Gateway  
  16  0:45  Assimilator  
  16  0:46  Probe (Chrono Boost)  
  17  0:57  Probe (Chrono Boost)  
  18  1:08  Probe (Chrono Boost)  
  19  1:25  Probe (Chrono Boost), Nexus  
  20  1:34  Cybernetics Core  
  20  1:36  Probe (Chrono Boost)  
  21  1:41  Assimilator  
  21  1:46  Probe (Chrono Boost)  
  22  1:52  Pylon  
  22  1:57  Probe (Chrono Boost)  
  23  2:11  Mothership Core (Chrono Boost)  
  23  2:13  Adept  
  27  2:22  Warp Gate  
  26  2:29  Probe (Chrono Boost)  
  27  2:36  Probe (Chrono Boost)  
  28  2:40  Probe (Chrono Boost), Adept  
  31  2:46  Robotics Facility  
  31  2:47  Probe (Chrono Boost)  
  31  2:51  Probe (Chrono Boost)  
  33  2:58  Probe (Chrono Boost)  
  34  3:01  Probe (Chrono Boost)  
  34  3:05  Twilight Council  
  35  3:08  Probe (Chrono Boost)  
  35  3:12  Probe (Chrono Boost)  
  37  3:19  Probe (Chrono Boost)  
  38  3:22  Probe (Chrono Boost)  
  38  3:23  Gateway  
  38  3:25  Gateway  
  39  3:28  Probe (Chrono Boost)  
  39  3:32  Probe (Chrono Boost)  
  39  3:33  Observer (Chrono Boost)  
  42  3:38  Pylon  
  42  3:40  Probe (Chrono Boost)  
  43  3:45  Probe (Chrono Boost)  
  43  3:48  Blink (Chrono Boost)  
  44  3:51  Probe (Chrono Boost), Pylon  
  46  3:55  Probe (Chrono Boost)  
  46  4:02  Probe (Chrono Boost)  
  47  4:07  Probe (Chrono Boost)  
  45  4:16  Probe (Chrono Boost)  
  43  4:25  Stalker x3  
  43  4:30  Probe (Chrono Boost)  
  50  4:33  Assimilator  
  50  4:37  Probe (Chrono Boost)  
  50  4:41  Assimilator  
  50  4:47  Observer (Chrono Boost)  
  50  4:49  Probe (Chrono Boost)  
  50  4:50  Probe  
  50  4:56  Stalker  
  49  5:07  Stalker  
  49  5:09  Probe  
  49  5:11  Probe  
  52  5:15  Stalker  
  52  5:20  Probe  
  53  5:31  Probe  
  53  5:32  Probe  
  53  5:36  Stalker x2  
  53  5:41  Probe  
  57  5:48  Probe  
  57  5:49  Stalker  
  61  5:52  Probe  
  57  6:07  Probe  
  57  6:09  Probe  
  59  6:13  Nexus, Observer (Chrono Boost)  
  60  6:19  Probe  
  60  6:20  Probe  
  62  6:30  Probe  
  62  6:38  Robotics Bay  
  62  6:43  Probe, Forge  
  62  6:46  Probe  
  61  6:54  Probe, Pylon  
  61  6:58  Probe  
  61  7:00  Stalker  
  62  7:04  Probe  
  62  7:06  Protoss Ground Weapons Level 1  
  62  7:12  Probe  
  62  7:14  Stalker  
  62  7:15  Probe  
  66  7:23  Probe  
  66  7:24  Probe  
  66  7:26  Probe  
  69  7:31  Charge (Chrono Boost)  
  69  7:34  Probe  
  69  7:36  Probe  
  71  7:37  Probe  
  71  7:39  Sentry  
  74  7:44  Probe  
  74  7:48  Probe  
  74  7:49  Probe  
  73  7:55  Probe  
  73  7:57  Zealot x2  
  78  8:00  Probe  
  78  8:01  Probe  
  80  8:09  Pylon  
  80  8:12  Probe x2  
  81  8:13  Probe  
  83  8:21  Pylon  
  83  8:22  Pylon  
  83  8:26  Pylon  
  83  8:27  Colossus (Chrono Boost)  
  83  8:28  Probe x2  
  83  8:32  Zealot  
  93  8:40  Sentry  
  93  8:41  Sentry, Gateway x2  
  97  8:44  Probe  
  97  8:45  Probe  
  97  8:47  Probe  
  100  8:56  Probe, Stalker  
  100  9:09  Nexus  
  99  9:14  Zealot x2  
  99  9:15  Protoss Ground Armor Level 1 (Chrono Boost)  
  99  9:16  Disruptor (Chrono Boost)  
  103  9:20  Probe  
  103  9:23  Sentry  
  106  9:27  Forge  
  106  9:29  Probe x2  
  108  9:37  Stalker x2  
  108  9:38  Probe  
  112  9:46  Zealot  
  112  9:48  Disruptor (Chrono Boost)  
  117  10:03  Pylon  
  117  10:04  Pylon x2  
  117  10:05  Pylon  
  117  10:06  Pylon  
  117  10:07  Probe x3  
  117  10:10  Zealot x2  
  104  10:20  Probe x3  
  107  10:21  Sentry  
  107  10:29  Disruptor (Chrono Boost)  
  107  10:32  Probe  
  103  10:36  Protoss Ground Weapons Level 2 (Chrono Boost), Templar Archives  
  103  10:42  Stalker x2  
  97  10:43  Probe  
  97  10:45  Probe  
  97  10:46  Probe  
  97  10:48  Sentry  
  100  10:55  Probe  
  101  10:58  Probe x2  
  101  11:01  Disruptor, Gateway  
  101  11:02  Gateway  
  103  11:06  Sentry x2  
  103  11:07  Probe, Pylon  
  103  11:09  Pylon  
  103  11:10  Probe, Zealot  
  114  11:12  Probe  
  114  11:15  Zealot  
  117  11:18  Zealot  
  117  11:19  Probe  
  120  11:27  Protoss Ground Armor Level 2 (Chrono Boost)  
  120  11:29  Assimilator  
  120  11:30  Assimilator  
  120  11:32  Robotics Facility  
  120  11:36  Zealot x2  
  120  11:37  Zealot x2  
  126  11:40  Disruptor  
  127  11:50  Stalker  
  129  11:59  Stalker x4  
  129  12:00  Stalker  
  139  12:06  Zealot  
  139  12:11  Disruptor  
  139  12:13  Assimilator  
  139  12:14  Assimilator  
  142  12:27  Disruptor  
  142  12:29  Zealot x3  
  149  12:30  Zealot x4  
  152  12:44  Disruptor  
  152  12:48  Nexus  
  152  12:51  Zealot x3  
  157  12:52  Zealot x4  
  164  13:03  Disruptor  
  161  13:15  Zealot x5  
  164  13:28  Disruptor  
  164  13:31  Stalker  
  164  13:32  Stalker  
  96  13:48  Stalker  
  96  13:49  Stalker x4  
  96  13:50  Probe x3  
  101  13:59  Sentry  
  101  14:00  Zealot  
  101  14:02  Probe  
  104  14:08  Probe  
  104  14:09  Probe  
  105  14:14  Probe  
  105  14:15  Disruptor, Nexus  
  98  14:23  Sentry x3, Phoenix  
  103  14:28  Sentry x2  
  105  14:41  Photon Cannon  
  104  14:51  Stalker x3  
  104  14:53  Zealot  
  98  15:06  Zealot x3  
Tags
 
Add a new tag
Caveats
  • Supply blocks, unpowered buildings, or Contaminate may cause inaccurate times.
  • Supply counts are checked every 10 seconds.